 Dungeon Crawl Stone Soup version 0.31-a0-771-g505c3d19dc (webtiles) character file.

Game seed: 13122824930328056934

316476 pokeman the Archmage (level 20, -4/117 HPs)
             Began as a Deep Elf Hedge Wizard on Sept 16, 2023.
             Was the Champion of Vehumet.
             Shot with an arrow by a deep elf master archer (26 damage)
             ... on level 3 of the Elven Halls.
             The game lasted 02:31:11 (58288 turns).

pokeman the Archmage (Deep Elf Hedge Wizard)       Turns: 58288, Time: 02:31:12

Health: -4/117     AC: 20    Str: 10    XL:     20   Next: 53%
Magic:  24/53      EV: 11    Int: 47    God:    Vehumet [******]
Gold:   6216       SH:  5    Dex: 14    Spells: 14/73 levels left

rFire   + + .        k - +4 trident of Springtime {spect, *Noise *Corrode rElec Int+9}
rCold   . . .        x - +0 buckler
rNeg    . . .        y - +0 swamp dragon scales
rPois   +            Y - +2 helmet {Int+3}
rElec   +            m - +1 cloak {Will+}
rCorr   .            q - +2 pair of gloves {Str+3}
SInv    .            h - +0 pair of boots
Will    +++++        (no amulet)
Stlth   ++           w - ring "Wiroelo" {Wiz Drain rF++ Will++}
HPRegen 0.39/turn    E - +6 ring of intelligence
MPRegen 0.33/turn

%: corrode self (3%), wizardry (x1)
@: no status effects
A: no striking features
}: 2/15 runes: decaying, serpentine
a: Renounce Religion


You were on level 3 of the Elven Halls.
You worshipped Vehumet.
Vehumet was exalted by your worship.
You visited 7 branches of the dungeon, and saw 34 of its levels.
You also visited: Trove, Ossuary, Gauntlet and Volcano.

You collected 7026 gold pieces.
You spent 810 gold pieces at shops.

Inventory:

Hand Weapons
 k - the +4 trident of Springtime (weapon) {spect, *Noise *Corrode rElec Int+9}
   (You found it on level 3 of the Lair of Beasts)

   Int+9:     It affects your intelligence (+9).
   rElec:     It insulates you from electricity.
   *Noise:    It may make a loud noise when swung.
   *Corrode:  It may corrode you when you take damage.
 J - a +1 quick blade of flaming
 M - the +9 spear of the End {heavy, rElec MP+9 Str+2 Int-3}
   (You took it off a deep elf annihilator on level 3 of the Elven Halls)

   Str+2:     It affects your strength (+2).
   Int-3:     It affects your intelligence (-3).
   rElec:     It insulates you from electricity.
   MP+9:      It affects your magic capacity (+9).
Missiles
 N - 4 throwing nets
 R - 3 curare-tipped darts
Armour
 h - a +0 pair of boots (worn)
 m - a +1 cloak of willpower (worn)
 p - a +1 robe of resistance
 q - a +2 pair of gloves of strength (worn)
 s - a scarf of shadows
 x - a +0 buckler (worn)
 y - +0 swamp dragon scales (worn)
 z - a scarf of resistance
 Y - a +2 helmet of intelligence (worn)
Magical Staves
 i - a staff of cold
Jewellery
 g - the ring of Wexti {rF- rC+ Str+5}
   (You found it in a treasure trove)

   [ring of protection from cold]

   Str+5:     It affects your strength (+5).
   rF-:       It makes you vulnerable to fire.
   rC+:       It protects you from cold.
 j - a ring of see invisible
 o - a ring of flight
 w - the ring "Wiroelo" (left hand) {Wiz Drain rF++ Will++}
   (You found it in a treasure trove)

   [ring of wizardry]

   Wiz:       It improves your spell success rate.
   rF++:      It greatly protects you from fire.
   Will++:    It greatly increases your willpower.
   Drain:     It drains your maximum health when unequipped.
 E - a +6 ring of intelligence (right hand)
 K - the amulet of Nueneq {Spirit rC++ Stlth+}
   (You took it off a deep elf sorcerer on level 3 of the Elven Halls)

   [amulet of guardian spirit]

   Spirit:    It causes incoming damage to be divided between your reserves of
   health and magic.
   rC++:      It greatly protects you from cold.
   Stlth+:    It makes you more stealthy.
 L - an amulet of reflection
 O - a +6 ring of strength
Wands
 a - a wand of digging (16)
 c - a wand of flame (8)
 G - a wand of roots (6)
 H - a wand of acid (3)
Scrolls
 b - a scroll of vulnerability
 l - 17 scrolls of teleportation
 n - 2 scrolls of silence
 r - 5 scrolls of revelation
 A - 3 scrolls of identify
 D - a scroll of amnesia
 F - 2 scrolls of blinking
 I - a scroll of poison
Potions
 d - 5 potions of magic
 e - a potion of lignification
 f - 2 potions of haste
 t - 7 potions of heal wounds
 u - a potion of might
 v - 3 potions of resistance
 B - 4 potions of mutation
 C - a potion of enlightenment
 U - 16 potions of curing
Miscellaneous
 S - a phial of floods


   Skills:
 - Level 10.0 Fighting
 + Level 9.2 Armour
 - Level 3.1 Dodging
 - Level 3.2 Stealth
 - Level 6.0 Shields
 O Level 27 Spellcasting
 * Level 20.8 Conjurations
 - Level 1.1 Summonings
 - Level 1.0 Necromancy
 - Level 1.1 Translocations
 + Level 9.2 Fire Magic
 - Level 1.0 Ice Magic
 - Level 1.1 Air Magic
 + Level 18.3 Earth Magic
 - Level 1.3 Poison Magic
 - Level 1.0 Evocations


You had 14 spell levels left.
You knew the following spells:

 Your Spells              Type           Power      Damage    Failure   Level
a - Magic Dart            Conj           100%       1d8       0%          1
b - Mephitic Cloud        Conj/Pois/Air  94%        N/A       1%          3
c - Call Imp              Summ           100%       N/A       1%          2
d - Blink                 Tloc           100%       N/A       1%          2
e - Stone Arrow           Conj/Erth      100%       3d13      0%          3
f - Fireball              Conj/Fire      58%        3d22      1%          5
g - Leda's Unmaking       Conj/Erth      64%        9d10      1%          6
h - Starburst             Conj/Fire      58%        6d16      1%          6
i - Lehudib's Crystal Sp  Conj/Erth      64%        10d15     1%          8
j - Lee's Rapid Deconstr  Erth           62%        3d29*     0%          5
k - Shatter               Erth           62%        3d46*     3%          9
l - Fire Storm            Conj/Fire      58%        8d15      13%         9

Your spell library contained the following spells:

 Spells                   Type           Power      Damage    Failure   Level
 Chain Lightning          Conj/Air       52%        3d70      47%         9
 Momentum Strike          Conj/Tloc      100%       3d10      0%          2
 Searing Ray              Conj           100%       2d8       0%          2
 Hailstorm                Conj/Ice       100%       3d20      0%          3
 Flame Wave               Conj/Fire      100%       2d21      0%          4
 Sticky Flame             Conj/Fire      100%       2d11      0%          4
 Slow                     Hex            100%       N/A       1%          1
 Cigotuvi's Dreadful Rot  Necr/Pois/Air  100%       N/A       1%          2
 Ensorcelled Hibernation  Hex/Ice        100%       N/A       1%          2
 Jinxbite                 Hex            100%       N/A       1%          2
 Lesser Beckoning         Tloc           100%       N/A       1%          2
 Sublimation of Blood     Necr           64%        N/A       1%          2
 Confusing Touch          Hex            59%        N/A       1%          3
 Dazzling Flash           Conj/Hex       100%       N/A       1%          3
 Inner Flame              Hex/Fire       82%        N/A       1%          3
 Ozocubu's Armour         Ice            64%        N/A       1%          3
 Sigil of Binding         Hex            59%        N/A       1%          3
 Tukima's Dance           Hex            59%        N/A       1%          3
 Vampiric Draining        Necr           64%        2d10      1%          3
 Volatile Blastmotes      Fire/Tloc      100%       2d18      1%          3
 Anguish                  Hex/Necr       31%        N/A       1%          4
 Animate Armour           Summ/Erth      100%       N/A       1%          4
 Dimensional Bullseye     Hex/Tloc       31%        N/A       1%          4
 Fulminant Prism          Conj/Hex       51%        3d23      1%          4
 Iskenderun's Mystic Bla  Conj/Tloc      100%       2d19      1%          4
 Leda's Liquefaction      Hex/Erth       49%        N/A       1%          4
 Passage of Golubria      Tloc           65%        N/A       1%          4
 Petrify                  Tmut/Erth      99%        N/A       1%          4
 Summon Ice Beast         Ice/Summ       65%        N/A       1%          4
 Irradiate                Conj/Tmut      51%        3d28      1%          5
 Yara's Violent Unravell  Hex/Tmut       29%        3d12      1%          5
 Conjure Ball Lightning   Conj/Air       52%        3x3d18    1%          6
 Metabolic Englaciation   Hex/Ice        31%        N/A       5%          5
 Simulacrum               Ice/Necr       32%        N/A       22%         6
 Maxwell's Capacitive Co  Air            32%        ∞         86%         8
 Discord                  Hex            29%        N/A       100%        8
 Disjunction              Tloc           32%        N/A       100%        8


Dungeon Overview and Level Annotations

Branches:
Dungeon (15/15)            Temple (1/1) D:7            Lair (5/5) D:9
  Swamp (4/4) Lair:2        Snake (4/4) Lair:3        Slime (0/5) Lair:5
    Orc (2/2) D:9             Elf (3/3) Orc:2        Vaults (0/5) D:13
 Depths (0/4) D:15        Ossuary (visited)         Volcano (visited)
Gauntlet (visited)

Altars:
Ashenzari
Cheibriados
Dithmenos
Elyvilon
Fedhas
Gozag
Hepliaklqana
Kikubaaqudgha
Makhleb
Nemelex Xobeh
Okawaru
Qazlal
Ru
Sif Muna
Trog
Uskayaw
Vehumet
Wu Jian
Xom
Yredelemnul
Zin
The Shining One

Shops:
D:3 (   D:6 (   D:11 :   Orc:2 ?*![   Elf:1 [   Elf:2 :   Snake:4 **

Annotations:
Snake:4 3 runed translucent doors, exclusion: obsidian statue, Caumakya's ghost, adept MiFi
Orc:2 3 runed translucent doors, Palms's ghost, journeyman KoHs


Message History

Ka-crash!
You hear a shout! x2
A deep elf master archer comes into view.
Unknown command.
Casting: Shatter (dangerous; 3% risk of failure)
Confirm with . or Enter, or press ? or * to list all spells.
The dungeon rumbles!
The deep elf blademaster is severely wounded.
The deep elf master archer is almost dead.
You kill the deep elf demonologist!
Vehumet accepts your kill.
You feel your power returning.
Ka-crash!
The deep elf blademaster hits you with a +0 rapier!
The deep elf blademaster hits you with a +0 rapier!!
The deep elf blademaster hits you but does no damage.
The deep elf blademaster hits you with a +0 rapier.
The deep elf master archer wields a +2 longbow of flaming.
It bursts into flame!
The deep elf master archer shoots an arrow.
The arrow hits you!!
* * * LOW HITPOINT WARNING * * *
The arrow burns you.
* * * LOW HITPOINT WARNING * * *
A deep elf master archer comes into view.
Casting: Shatter (dangerous; 3% risk of failure)
Confirm with . or Enter, or press ? or * to list all spells.
The dungeon rumbles!
You kill the deep elf blademaster!
Vehumet accepts your kill.
You feel your power returning.
The deep elf master archer is almost dead.
You kill the deep elf master archer!
Vehumet accepts your kill.
You feel your power returning.
The deep elf death mage is severely wounded.
Ka-crash!
The deep elf master archer wields a +0 longbow.
The deep elf master archer shoots an arrow.
The arrow hits you!!
You die...

....).......##.....##
#..#
###'####..)...........
#..#### .....
###....)..#... #......
.8...8.. .##.)...... .
#..####
...........##))....# .#
##''##
#....###...)##.....##.#
##)...## ...###
.............# #......#
..#
#..........#...#......#
)......@.......'......#
.##..#.)..#....').....#
# ..#........#......#
....#....#...#......#
#... e....##..##....##
#.... ......#..###..##
#... ......#..# #++#
.... .#.....#..# #..#
#)8.#.#..# #..#


You could see a deep elf master archer.

Vanquished Creatures
  Vashnia (Snake:4)
  Nikola (Swamp:4)
  Mlioglotl (Swamp:4)
  3 deep elf master archers (Elf:3)
  3 deep elf blademasters
  Frances (Snake:1)
  Aizul (Snake:4)
  Kirke (Swamp:4)
  4 nagarajas (Snake:4)
  2 fenstrider witches
  4 deep elf sorcerers (Elf:3)
  4 deep elf elementalists (Elf:3)
  A ghoul (Swamp:4)
  2 orc warlords
  A hydra skeleton (Swamp:4)
  Nessos (Orc:2)
  2 eleionomae
  The ghost of Doj the Cleaver, a journeyman HOMo of Beogh (D:13)
  2 vampire knights (Swamp:4)
  6 deep elf annihilators (Elf:3)
  A minotaur (Gauntlet)
  4 bunyips
  5 deep elf demonologists
  A red draconian (Volcano)
  8 deep elf death magi
  An ettin (Orc:2)
  The ghost of pokeman the Eclecticist, a journeyman DEHW of Vehumet (D:14)
  4 deep elf high priests
  4 shambling mangroves (Swamp:4)
  4 catoblepae (Lair:5)
  Fannar (D:12)
  A salamander tyrant (Snake:2)
  16 hydras
  4 ghost crabs
  2 vault guards (D:13)
  A death knight (D:15)
  7 centaur warriors
  5 boulder beetles
  30 dancing weapons
  5 alligators
  12 anacondas
  The ghost of Sovesh the Nimble, a journeyman OpCj of Sif Muna (Lair:2)
  2 two-headed ogres
  9 death yaks
  5 tengu warriors
  17 naga warriors
  17 naga sharpshooters
  2 orc high priests
  7 shock serpents
  8 spriggans
  Sonja (D:10)
  24 deep elf knights
  4 salamander mystics
  3 skeletal warriors (D:13)
  14 sea snakes
  Lodul (D:13)
  2 sixfirhies
  2 swamp dragons
  9 naga ritualists
  7 spriggan druids
  2 lindwurms
  5 wizards
  5 bog bodies
  A harpy (shapeshifter) (Elf:1)
  A spectral hydra (Swamp:4)
  5 necromancers
  Pikel (D:7)
  10 orc knights
  39 deep elf zephyrmancers
  22 deep elf archers
  11 mana vipers
  34 deep elf pyromancers
  23 ugly things
  10 orc sorcerers
  3 oklob plants (Swamp:4)
  6 manticores
  6 cyclopes
  19 salamanders
  4 will-o-the-wisps
  2 centaur zombies (D:15)
  A moth of wrath (Gauntlet)
  19 elephants
  44 black mambas
  14 guardian serpents
  24 naga magi
  Maurice (D:12)
  A black mamba (shapeshifter) (D:15)
  5 torpor snails
  2 centaur skeletons (D:15)
  9 cane toads
  A water nymph (shapeshifter) (D:13)
  A rime drake (Lair:1)
  Psyche (D:8)
  Jeremiah (Lair:1)
  2 minotaur zombies (Gauntlet)
  4 gargoyles (D:12)
  2 molten gargoyles (Volcano)
  An unseen horror (D:10)
  A komodo dragon (shapeshifter) (D:10)
  14 komodo dragons
  A hydra zombie (Swamp:4)
  4 yaktaurs
  A freezing wraith (Swamp:4)
  2 tengu conjurers
  3 kobold demonologists
  2 bloated husks
  2 polar bears
  14 hornets
  7 trolls
  3 meliai (D:15)
  5 death drake zombies (Swamp:4)
  8 tyrant leeches
  A wolf spider simulacrum (D:15)
  5 saltlings (Orc:2)
  2 death drake skeletons (Swamp:4)
  7 blink frogs
  An air elemental (Elf:2)
  A shadow (D:9)
  4 slime creatures (D:12)
  85 yaks
  Sigmund (D:2)
  7 water elementals
  5 wyverns
  4 wraiths
  16 humans (D:13)
  4 fire bats
  6 basilisks
  5 fire elementals
  2 hogs (Swamp:4)
  6 neqoxecs (D:14)
  13 vampire mosquitoes
  12 wargs
  46 nagas
  5 hydra simulacra (Swamp:4)
  4 acid dragons
  17 swamp worms
  14 water moccasins
  38 orc warriors
  6 swamp drakes (Swamp:4)
  An ice beast (D:6)
  A sky beast (D:8)
  2 black bears
  3 swamp dragon zombies (Swamp:4)
  17 ogres
  14 centaurs
  2 swamp dragon skeletons (Swamp:4)
  28 wolves
  5 kobold brigands
  4 earth elementals
  18 bullfrogs
  3 gnoll sergeants
  2 necrophages (Swamp:4)
  A scorpion (Lair:3)
  12 wights (D:8)
  2 killer bees (D:7)
  3 jellies
  11 electric eels
  A howler monkey (D:13)
  6 lava snakes (Volcano)
  3 quasits (D:14)
  3 hounds
  A human zombie (D:5)
  17 orc priests
  Crazy Yiuf (D:2)
  7 iguanas
  A sleepcap (D:7)
  6 hell rats (Lair:3)
  24 orc wizards
  A boggart simulacrum (D:14)
  8 mummies (Ossuary)
  12 gnolls
  5 adders
  7 shadow imps
  2 white imps
  4 ufetubi
  3 dart slugs
  75 orcs
  6 ball pythons
  11 endoplasms
  5 giant cockroaches
  8 goblins
  8 hobgoblins
  3 quokkas
  7 bats
  A frilled lizard (D:2)
  3 hobgoblin zombies (Ossuary)
  27 kobolds
  3 kobold zombies (Ossuary)
  2 orc zombies (Ossuary)
  4 rats
1424 creatures vanquished.

Vanquished Creatures (collateral kills)
  A killer bee (D:7)
1 creature vanquished.

Vanquished Creatures (others)
  A water elemental (Elf:2)
  2 humans (Swamp:4)
  2 foxfires (Swamp:1)
5 creatures vanquished.

Grand Total: 1430 creatures vanquished

Notes
Turn   | Place    | Note
-------+----------+-------------------------------------------
     0 | D:1      | pokeman the Deep Elf Hedge Wizard began the quest for the
                  | Orb.
     0 | D:1      | Reached XP level 1. HP: 10/10 MP: 7/7
   119 | D:1      | You fall into a shaft and drop 1 floor!
   215 | D:2      | Reached XP level 2. HP: 16/16 MP: 4/9
   741 | D:1      | Found a faded altar of an unknown god.
   899 | D:1      | Reached skill level 5 in Spellcasting
  1170 | D:2      | Reached XP level 3. HP: 16/20 MP: 7/11
  1174 | D:2      | Learned a level 3 spell: Mephitic Cloud
  1177 | D:2      | Learned a level 2 spell: Call Imp
  1180 | D:2      | Learned a level 2 spell: Blink
  1257 | D:2      | Noticed Sigmund
  1269 | D:2      | Killed Sigmund
  1270 | D:2      | Reached skill level 5 in Conjurations
  1270 | D:2      | Reached XP level 4. HP: 14/24 MP: 7/13
  1270 | D:2      | Reached XP level 5. HP: 17/28 MP: 7/14
  1413 | D:2      | Found a runed translucent door.
  1414 | D:2      | Noticed Crazy Yiuf
  1696 | D:2      | Reached skill level 1 in Armour
  1829 | D:2      | Reached skill level 1 in Fighting
  2181 | D:2      | Killed Crazy Yiuf
  2390 | D:3      | Reached XP level 6. HP: 34/34 MP: 5/16
  2548 | D:3      | Found Savui's Weapon Emporium.
  2863 | D:4      | Found a transporter.
  2863 | D:4      | Found a transporter.
  3290 | D:4      | Reached skill level 6 in Spellcasting
  3449 | D:4      | Noticed a wyvern
  3468 | D:4      | Killed a wyvern
  3469 | D:4      | Reached skill level 1 in Air Magic
  3469 | D:4      | Reached skill level 1 in Poison Magic
  3469 | D:4      | Reached XP level 7. HP: 27/38 MP: 10/19
  3885 | D:4      | Reached skill level 7 in Spellcasting
  3971 | D:5      | Entered Level 5 of the Dungeon
  4075 | D:5      | Learned a level 3 spell: Stone Arrow
  4153 | D:5      | Found a sand-covered staircase.
  4192 | Ossuary  | Entered an ossuary
  4818 | D:5      | Reached skill level 1 in Earth Magic
  4818 | D:5      | Reached skill level 1 in Evocations
  4825 | D:5      | Noticed a kobold demonologist
  4837 | D:5      | Killed a kobold demonologist
  4838 | D:5      | Reached skill level 8 in Spellcasting
  4838 | D:5      | Reached XP level 8. HP: 32/44 MP: 7/22
  5893 | D:6      | Found a broken altar of Ashenzari.
  5933 | D:6      | Found Tunyhack's Antique Weapon Boutique.
  5974 | D:6      | Reached skill level 9 in Spellcasting
  6147 | D:6      | Found a blossoming altar of Fedhas.
  6148 | D:6      | Found a sparkling altar of Nemelex Xobeh.
  6707 | D:7      | Found a shimmering altar of Xom.
  6707 | D:7      | Found a shimmering altar of Xom.
  6709 | D:7      | Found a shimmering altar of Xom.
  6710 | D:7      | Found a shimmering altar of Xom.
  6713 | D:7      | Found a shimmering altar of Xom.
  6715 | D:7      | Found a shimmering altar of Xom.
  6885 | D:7      | Found a staircase to the Ecumenical Temple.
  6896 | Temple   | Entered the Ecumenical Temple
  7101 | D:7      | Noticed Pikel
  7106 | D:7      | Killed Pikel
  7107 | D:7      | Reached skill level 10 in Spellcasting
  7107 | D:7      | Reached XP level 9. HP: 48/48 MP: 11/25
  7412 | D:7      | Found a radiant altar of Vehumet.
  7414 | D:7      | Found a snail-covered altar of Cheibriados.
  7420 | D:7      | Became a worshipper of Vehumet
  7425 | D:7      | Found a hide-covered altar of Uskayaw.
  7910 | D:8      | Reached skill level 11 in Spellcasting
  7971 | D:8      | Noticed Psyche
  7978 | D:8      | Killed Psyche
  7979 | D:8      | Reached skill level 5 in Earth Magic
  8164 | D:8      | Reached skill level 12 in Spellcasting
  8284 | D:8      | Reached * piety under Vehumet
  8284 | D:8      | Offered knowledge of Freeze by Vehumet.
  8285 | D:8      | Reached XP level 10. HP: 53/53 MP: 5/28
  8609 | D:8      | Noticed a two-headed ogre
  8615 | D:8      | Killed a two-headed ogre
  9186 | D:9      | Reached skill level 13 in Spellcasting
  9653 | D:9      | Learned a level 5 spell: Lee's Rapid Deconstruction
  9660 | D:9      | Learned a level 6 spell: Leda's Unmaking
  9674 | D:9      | Reached ** piety under Vehumet
  9680 | D:9      | Offered knowledge of Scorch by Vehumet.
  9857 | D:9      | Found a sacrificial altar of Ru.
  9900 | D:9      | Found a staircase to the Orcish Mines.
 10218 | D:9      | Found a staircase to the Lair.
 10272 | D:9      | Found a runed translucent door.
 10272 | D:9      | Noticed a sixfirhy
 10523 | D:9      | Killed a sixfirhy
 10524 | D:9      | Reached skill level 14 in Spellcasting
 10606 | D:10     | Entered Level 10 of the Dungeon
 10610 | D:10     | Reached XP level 11. HP: 61/61 MP: 27/31
 10612 | D:10     | Offered knowledge of Ignite Poison by Vehumet.
 11091 | D:10     | Reached *** piety under Vehumet
 11607 | D:10     | Offered knowledge of Flame Wave by Vehumet.
 11703 | D:10     | Noticed Sonja
 11714 | D:10     | Reached skill level 15 in Spellcasting
 11751 | D:10     | Killed Sonja
 11752 | D:10     | Reached skill level 10 in Conjurations
 12409 | D:10     | Noticed a boulder beetle
 12409 | D:10     | Noticed a tengu warrior
 12415 | D:10     | Reached skill level 5 in Fighting
 12467 | D:10     | Killed a tengu warrior
 12472 | D:10     | Killed a boulder beetle
 12570 | D:10     | Noticed a boulder beetle
 12716 | D:10     | Killed a boulder beetle
 12717 | D:10     | Reached skill level 16 in Spellcasting
 12727 | D:10     | Identified the +6 battleaxe "Goblinslayer" {flame, *Corrode
                  | rElec rPois rF+ Int+3}
 13009 | D:11     | Reached skill level 1 in Shields
 13019 | D:11     | Reached XP level 12. HP: 68/68 MP: 3/34
 13230 | D:11     | Noticed a centaur warrior
 13232 | D:11     | Killed a centaur warrior
 13463 | D:11     | Reached **** piety under Vehumet
 13480 | D:11     | Found Afigummi's Book Shoppe.
 13962 | D:11     | Offered knowledge of Hailstorm by Vehumet.
 14149 | D:12     | Found a portal to a secret trove of treasure.
 14644 | D:12     | Noticed Fannar
 14648 | D:12     | Killed Fannar
 14649 | D:12     | Reached skill level 17 in Spellcasting
 14807 | D:12     | Noticed a two-headed ogre
 14809 | D:12     | Noticed Maurice
 14810 | D:12     | Killed a two-headed ogre
 14811 | D:12     | Reached skill level 1 in Ice Magic
 15120 | D:12     | Reached ***** piety under Vehumet
 15399 | D:12     | Killed Maurice
 15550 | D:13     | Noticed a boulder beetle
 15555 | D:13     | Noticed a centaur warrior
 15758 | D:13     | Noticed a centaur warrior
 15807 | D:13     | Found a gate leading to a gauntlet.
 15816 | Gauntlet | Entered a Gauntlet
 15816 | Gauntlet | Noticed a death yak
 15816 | Gauntlet | Noticed a death yak
 15816 | Gauntlet | Noticed a death yak
 15816 | Gauntlet | Found a transporter.
 15816 | Gauntlet | Found a transporter.
 15818 | Gauntlet | Found a transporter.
 15820 | Gauntlet | Found a transporter.
 15822 | Gauntlet | Found a large runed translucent door.
 15823 | Gauntlet | Found a large runed translucent door.
 15824 | Gauntlet | Found a large runed translucent door.
 15824 | Gauntlet | Found a large runed translucent door.
 15824 | Gauntlet | Found a runed translucent door.
 15825 | Gauntlet | Found a large runed translucent door.
 15831 | Gauntlet | Found a transporter.
 15832 | Gauntlet | Found a runed translucent door.
 15833 | Gauntlet | Found a large runed translucent door.
 15833 | Gauntlet | Found a large runed translucent door.
 15833 | Gauntlet | Found a large runed translucent door.
 15834 | Gauntlet | Found a large runed translucent door.
 15835 | Gauntlet | Found a large runed translucent door.
 15839 | Gauntlet | Found a transporter.
 15847 | Gauntlet | Found a transporter.
 15851 | Gauntlet | Found a transporter.
 15851 | Gauntlet | Found a large runed translucent door.
 15853 | Gauntlet | Found a transporter.
 15857 | Gauntlet | Found a large runed translucent door.
 15857 | Gauntlet | Found a large runed translucent door.
 15859 | Gauntlet | Found a runed translucent gate.
 15862 | Gauntlet | Found a runed translucent gate.
 15862 | Gauntlet | Found a transporter.
 15863 | Gauntlet | Found a runed translucent gate.
 15866 | Gauntlet | Found a large runed translucent door.
 15867 | Gauntlet | Found a large runed translucent door.
 15868 | Gauntlet | Found a large runed translucent door.
 15877 | Gauntlet | Noticed a ghost crab
 15900 | Gauntlet | Found a transporter.
 15993 | Gauntlet | Found a transporter.
 16132 | Gauntlet | Reached skill level 10 in Earth Magic
 16192 | Gauntlet | Offered knowledge of Ozocubu's Refrigeration by Vehumet.
 16403 | Gauntlet | Reached skill level 18 in Spellcasting
 16480 | Gauntlet | Noticed a minotaur
 16484 | Gauntlet | Killed a minotaur
 16485 | Gauntlet | Reached XP level 13. HP: 43/72 MP: 13/37
 16806 | D:13     | Reached skill level 5 in Armour
 17760 | D:13     | Found a runed translucent gate.
 17760 | D:13     | Found a runed translucent gate.
 17760 | D:13     | Found a runed translucent gate.
 17761 | D:13     | Identified the +4 chain mail "Toletzak" {Rampage}
 17761 | D:13     | Noticed Doj's ghost (journeyman HOMo)
 17762 | D:13     | Identified the +10 plate armour of Haveno {rPois rCorr
                  | Dex-3}
 18125 | D:13     | Reached skill level 19 in Spellcasting
 18473 | D:13     | Noticed Lodul
 18552 | D:13     | Killed Lodul
 19645 | D:13     | Found a gate to the Vaults.
 20645 | D:14     | Reached skill level 5 in Shields
 20712 | D:14     | Offered knowledge of Starburst by Vehumet.
 20713 | D:14     | Reached XP level 14. HP: 78/78 MP: 26/39
 20720 | D:14     | Learned a level 6 spell: Starburst
 20954 | D:14     | Reached skill level 1 in Fire Magic
 21114 | D:14     | Reached skill level 20 in Spellcasting
 21329 | D:14     | Found a transporter.
 21335 | D:14     | Found a transporter.
 21336 | D:14     | Noticed pokeman's ghost (journeyman DEHW)
 21692 | D:15     | Entered Level 15 of the Dungeon
 23401 | D:15     | Reached skill level 21 in Spellcasting
 23583 | D:15     | Found a staircase to the Depths.
 24168 | Lair:1   | Entered Level 1 of the Lair of Beasts
 24521 | Lair:1   | Noticed Jeremiah
 24529 | Lair:1   | Killed Jeremiah
 24821 | Lair:1   | Offered knowledge of Iskenderun's Battlesphere by Vehumet.
 25212 | Lair:1   | HP: 1/78 [yak (11)]
 25641 | Lair:2   | Noticed Sovesh's ghost (journeyman OpCj)
 25645 | Lair:2   | Found a runed translucent door.
 25828 | Lair:2   | Reached XP level 15. HP: 73/82 MP: 30/42
 25838 | Lair:2   | Identified a scroll of acquirement
 25839 | Lair:2   | Acquired 534 gold pieces
 26016 | Lair:2   | Found a staircase to the Swamp.
 26266 | Lair:2   | Identified the +8 rapier of Sequestration {flame, rF+ Dex+4
                  | Stlth-}
 26699 | Lair:2   | Killed Sovesh's ghost
 26974 | Lair:3   | Identified the +4 trident of Springtime {spect, *Noise
                  | *Corrode rElec Int+9}
 27096 | Lair:3   | Learned a level 8 spell: Lehudib's Crystal Spear
 27149 | Lair:3   | Offered knowledge of Arcjolt by Vehumet.
 27151 | Lair:3   | Reached skill level 22 in Spellcasting
 27441 | Lair:3   | Found a staircase to the Snake Pit.
 29080 | Lair:5   | Entered Level 5 of the Lair of Beasts
 29151 | Lair:5   | Found a dark tunnel.
 29156 | Volcano  | Entered a volcano
 29514 | Volcano  | Offered knowledge of Fireball by Vehumet.
 29528 | Volcano  | Learned a level 5 spell: Fireball
 29628 | Volcano  | Found a bloodstained altar of Trog.
 30678 | Lair:5   | Reached skill level 23 in Spellcasting
 30969 | Lair:5   | Reached XP level 16. HP: 82/90 MP: 28/45
 31249 | Lair:5   | Found a staircase to the Slime Pits.
 31851 | Orc:1    | Entered Level 1 of the Orcish Mines
 31854 | Orc:1    | Reached skill level 15 in Conjurations
 31857 | Orc:1    | Offered knowledge of Orb of Destruction by Vehumet.
 32767 | Orc:2    | Entered Level 2 of the Orcish Mines
 32775 | Orc:2    | Noticed Nessos
 33162 | Orc:2    | Killed Nessos
 33674 | Orc:2    | Found a staircase to the Elven Halls.
 33743 | Orc:2    | Found a runed translucent gate.
 33743 | Orc:2    | Found a runed translucent gate.
 33743 | Orc:2    | Found a runed translucent gate.
 33748 | Orc:2    | Noticed Palms's ghost (journeyman KoHs)
 33750 | Orc:2    | Found an iron altar of Okawaru.
 34385 | Orc:2    | Found Quqiow's Distillery.
 34393 | Orc:2    | Bought a potion of curing for 42 gold pieces
 34393 | Orc:2    | Bought a potion of curing for 42 gold pieces
 34393 | Orc:2    | Bought a potion of magic for 112 gold pieces
 34485 | Orc:2    | Found Esafreux's Magic Scroll Boutique.
 34487 | Orc:2    | Found Biefoa Vuyph's General Store.
 34495 | Orc:2    | Bought a scroll of teleportation for 36 gold pieces
 34495 | Orc:2    | Bought a potion of heal wounds for 60 gold pieces
 34499 | Orc:2    | Bought a scroll of fear for 56 gold pieces
 34499 | Orc:2    | Bought a scroll of revelation for 105 gold pieces
 34499 | Orc:2    | Bought a scroll of identify for 28 gold pieces
 34499 | Orc:2    | Bought 3 scrolls of teleportation for 126 gold pieces
 34499 | Orc:2    | Bought a scroll of teleportation for 42 gold pieces
 34499 | Orc:2    | Bought a scroll of fear for 56 gold pieces
 34604 | Orc:2    | Found Elaboon's Antique Armour Shoppe.
 34865 | D:12     | You paid a toll of 7 scrolls of fear to enter a treasure
                  | trove
 34866 | Trove    | Entered a treasure trove
 34892 | Trove    | Identified the ring of Wexti {rF- rC+ Str+5}
 34916 | Trove    | Identified the ring "Wiroelo" {Wiz Drain rF++ Will++}
 35070 | D:13     | Killed Doj's ghost
 35071 | D:13     | Offered knowledge of Ignition by Vehumet.
 35224 | D:13     | Identified the +4 hat of Pan-Flutes {Will- rCorr Dex+2}
 35382 | Orc:2    | Bought a scroll of enchant armour for 105 gold pieces
 35605 | D:14     | Killed pokeman's ghost
 35606 | D:14     | Reached skill level 24 in Spellcasting
 35608 | D:14     | Got the ring of Kettif {rF+ rN++ Str+4 Dex+6 Stlth-}
 35921 | Swamp:1  | Entered Level 1 of the Swamp
 38554 | Swamp:3  | Identified the +8 halberd of Wiyff {flame, Will+++ Str+3
                  | Int-4 SInv}
 38750 | Swamp:4  | Entered Level 4 of the Swamp
 38750 | Swamp:4  | Noticed Nikola
 38753 | Swamp:4  | Reached XP level 17. HP: 97/97 MP: 47/47
 38756 | Swamp:4  | Killed Nikola
 38780 | Swamp:4  | Reached ****** piety under Vehumet
 38780 | Swamp:4  | Offered knowledge of Fire Storm by Vehumet.
 38780 | Swamp:4  | Offered knowledge of Shatter by Vehumet.
 38780 | Swamp:4  | Offered knowledge of Chain Lightning by Vehumet.
 38885 | Swamp:3  | Learned a level 9 spell: Shatter
 38905 | Swamp:4  | Reached skill level 15 in Earth Magic
 38926 | Swamp:4  | Noticed Kirke
 38959 | Swamp:4  | Killed Kirke
 39079 | Swamp:4  | Reached skill level 25 in Spellcasting
 39159 | Swamp:4  | Noticed Mlioglotl
 39162 | Swamp:4  | Killed Mlioglotl
 40635 | Swamp:4  | Found a blossoming altar of Fedhas.
 40752 | Swamp:4  | Found a basalt altar of Yredelemnul.
 40767 | Swamp:4  | Got a decaying rune of Zot
 41529 | Snake:1  | Entered Level 1 of the Snake Pit
 42832 | Snake:1  | Reached skill level 26 in Spellcasting
 43080 | Snake:1  | Found an ornate altar of the Wu Jian Council.
 43439 | Snake:1  | Noticed Frances
 43449 | Snake:1  | Killed Frances
 44268 | Snake:2  | Reached XP level 18. HP: 106/106 MP: 32/50
 46150 | Snake:3  | Reached skill level 1 in Necromancy
 46751 | Snake:4  | Entered Level 4 of the Snake Pit
 46790 | Snake:4  | HP: 4/107 [naga sharpshooter/arrow[Vashnia] (8)]
 47177 | Snake:4  | Found a runed translucent gate.
 47177 | Snake:4  | Found a runed translucent gate.
 47177 | Snake:4  | Found an opulent altar of Gozag.
 47177 | Snake:4  | Found a runed translucent gate.
 47177 | Snake:4  | Noticed Caumakya's ghost (adept MiFi)
 47188 | Snake:4  | Reached skill level 10 in Fighting
 47466 | Snake:4  | Reached skill level 27 in Spellcasting
 48109 | Snake:4  | Found Ryuschez's Assorted Antiques.
 48110 | Snake:4  | Found Ryco's Assorted Antiques.
 48166 | Snake:4  | Noticed Aizul
 48180 | Snake:4  | Killed Aizul
 48577 | Snake:4  | Noticed Vashnia
 50099 | Snake:4  | Killed Vashnia
 50274 | Snake:4  | Reached XP level 19. HP: 109/112 MP: 47/52
 50827 | Snake:4  | Reached skill level 5 in Fire Magic
 51311 | Snake:4  | Got a serpentine rune of Zot
 51878 | Elf:1    | Entered Level 1 of the Elven Halls
 52981 | Elf:1    | Found Exkatt's Armour Shoppe.
 53735 | Elf:2    | Found Uhawna's Book Emporium.
 54011 | Elf:2    | Identified the +8 arbalest of Guile {flame, Dex+5}
 54589 | Elf:2    | Found a runed translucent gate.
 54590 | Elf:2    | Found a runed translucent gate.
 54591 | Elf:2    | Found a runed translucent gate.
 55566 | Elf:2    | Reached XP level 20. HP: 117/117 MP: 46/53
 55868 | Elf:3    | Entered Level 3 of the Elven Halls
 57136 | Elf:3    | Identified the amulet of Nueneq {Spirit rC++ Stlth+}
 57489 | Elf:3    | Identified the +9 spear of the End {heavy, rElec MP+9 Str+2
                  | Int-3}
 57568 | Elf:3    | Learned a level 9 spell: Fire Storm
 58000 | Elf:3    | Identified the +5 trident "Earthworm" {speed, Int+2}
 58288 | Elf:3    | Shot with an arrow by a deep elf master archer

Illustrated notes

Levels and vault maps discovered:
D:1:      doesnt_arrival_eight_statues, layout_basic,
          shapermc_ecumenical_altar_notcrosses
D:2:      minmay_angry_zag, layout_loops_ring, kennysheep_donut, eino_curves_02,
          uniq_sigmund, uniq_crazy_yiuf_cottage
D:3:      layout_rooms, serial_shops, nicolae_shop_trees,
          hangedman_abyss_or_decor_stabs
D:4:      gammafunk_wand_slinger, layout_rooms, chequers_big_river,
          serial_bayou_ford_a, minmay_misc_feat_roman
D:5:      kennysheep_big_flooded_room, layout_basic, enter_ossuary_3
D:6:      layout_gridville, nicolae_ashenzari_skybound,
          nicolae_overflow_squiral, serial_shops, shop, hex_tiny
D:7:      layout_basic, grunt_temple_overflow_diamond, xom_redecorated,
          minmay_temple_entry_glassed_door, eino_small_chamber_without_monster,
          uniq_pikel
D:8:      layout_loops_ring, uniq_psyche
D:9:      cheibrodos_shockbox, layout_loops_ring,
          mainiacjoe_overflow_tiny_flanked, due_lair_maze_entry_diamond,
          minmay_orc_entry_temple_small
D:10:     minmay_shrinking_squares, layout_loops_ring, minmay_orc_keep,
          uniq_sonja
D:11:     layout_roguey, serial_shops, shop
D:12:     layout_rooms, enter_trove_1, uniq_maurice, uniq_fannar
D:13:     layout_loops_corners, grunt_vaults_entry_tiered, serial_bayou,
          serial_bayou_lagoon_a, serial_bayou_pond_b, serial_bayou_shore_b,
          serial_bayou_lake_a, serial_bayou_pond_d, gauntlet_entry_generic,
          biasface_ghost_orc_armoury, uniq_lodul
D:14:     layout_roguey, gammafunk_ghost_stat_death, wad_floor_pattern_untrapped
D:15:     grunt_enter_depths_magical_seal, layout_irregular_city,
          serial_co_window_serial, co_window_corner_a, co_window_corner_a,
          co_window_paths_b, co_window_paths_a, co_window_paths_b,
          co_window_cross_4, co_window_broadway_c, co_window_paths_c,
          co_window_of_opportunity_b, co_window_broadway_c, co_window_corner_ca,
          co_window_unsneaky_path_b, co_window_paths_d, serial_bayou_pond_e
Temple:   nicolae_temple_bog_church
Lair:1:   layout_regular_city, chequers_serial_rivers_micro_b, uniq_jeremiah
Lair:2:   layout_gridlike, palyth_hydra_swamp_entry,
          hellmonk_ghost_happy_afterlife, grunt_megastairs_4
Lair:3:   layout_cellular_growth, nicolae_snake_entry_squirm, grunt_megastairs_3
Lair:4:   layout_cave_pods
Lair:5:   evilmike_catoblepas_cave, layout_loops_ring, slime_entry_1,
          nicolae_volcano_entry_s_turn, st_stairs_9,
          grunt_forest_small_clearing_treed
Swamp:1:  layout_falls_marsh, evilmike_swamp_ruin_house_4,
          infiniplex_staircase_pool
Swamp:2:  layout_basic_swamp, evilmike_swamp_ruin_house_1
Swamp:3:  layout_falls_marsh, nicolae_swamp_round_clearing, swamp_pool1,
          worms_lemuel
Swamp:4:  byrel_swamp_growth_death_and_undeath, layout_basic_swamp, swamp_pool2,
          statue_in_the_mist_lemuel, uniq_mlioglotl, uniq_nikola, uniq_kirke
Snake:1:  layout_basic, basic_altar, drop_trap, serial_bayou_shore_a,
          grunt_megastairs_2, uniq_frances
Snake:2:  layout_grid_shapes
Snake:3:  layout_misc_corridors, grunt_megastairs_1
Snake:4:  grunt_snake_rune_pools, layout_cave_town, ebering_ghost_gozag,
          abandoned_shop, nrook_guardian_serpent_ordinary, uniq_aizul,
          uniq_vashnia
Orc:1:    minmay_goldmine, layout_diamond_mine
Orc:2:    hellmonk_orc_salted, layout_caves, gammafunk_ghost_fury_of_okawaru,
          uniq_nessos
Elf:1:    elf_arrival_002, layout_loops_cross, serial_shops,
          nicolae_diamond_shop, hangedman_elven_crosses_minicolossus
Elf:2:    nicolae_elf_blades_splatter_lattice [mumra_blade_entry_bloodbath],
          layout_loops_cross, serial_shops, nicolae_shop_mannequins,
          guppyfry_elf_castle
Elf:3:    minmay_elf_hall_statues, layout_gridlike, drop_trap

Skill      XL: |  1  2  3  4  5  6  7  8  9 10 11 12 13 14 15 16 17 18 19 20 |
---------------+-------------------------------------------------------------+-----
Spellcasting   | 5 6 8 10 12 14 16 18 19 21 23 24 26 27 | 27.0
Conjurations   | 5 6 7 8 9 10 11 12 13 14 15 16 18 19 20 | 20.8
Armour         | 1 2 4 5 6 8 9 |  9.2
Fighting       | 1 2 4 5 6 8 9 10 | 10.0
Dodging        | 3 |  3.1
Stealth        | 3 |  3.2
Air Magic      | 1 |  1.1
Poison Magic   | 1 |  1.3
Earth Magic    | 1 4 5 7 8 10 11 12 13 14 15 16 17 18 | 18.3
Evocations     | 1 |  1.0
Shields        | 1 3 5 6 |  6.0
Ice Magic      | 1 |  1.0
Fire Magic     | 2 4 7 9 |  9.2
Necromancy     | 1 |  1.0
Summonings     | |  1.1
Translocations | |  1.1

Action                     |  1- 3 |  4- 6 |  7- 9 | 10-12 | 13-15 | 16-18 | 19-21 || total
---------------------------+-------+-------+-------+-------+-------+-------+-------++-------
  Melee: Dagger            |    15 |       |    18 |    67 |       |       |       ||   100
         Punch             |     1 |     1 |     1 |     1 |       |       |       ||     4
         Short sword       |       |     2 |       |       |       |       |       ||     2
         Quarterstaff      |       |    11 |    20 |    64 |    67 |       |       ||   162
         Staff             |       |       |       |       |     7 |       |       ||     7
         Trident           |       |       |       |       |    10 |    22 |     3 ||    35
   Cast: Magic Dart        |    61 |   109 |   108 |    38 |    13 |     7 |     6 ||   342
         Mephitic Cloud    |     2 |     3 |     9 |    42 |    29 |     7 |     1 ||    93
         Call Imp          |       |     1 |       |     3 |     1 |       |     1 ||     6
         Stone Arrow       |       |       |    72 |   209 |   138 |    11 |     3 ||   433
         Leda's Unmaking   |       |       |       |    48 |   272 |   244 |    59 ||   623
         Lee's Rapid Decon |       |       |       |     9 |       |       |       ||     9
         Blink             |       |       |       |     4 |     3 |     3 |       ||    10
         Starburst         |       |       |       |       |    65 |    25 |       ||    90
         Fireball          |       |       |       |       |       |   512 |   333 ||   845
         Lehudib's Crystal |       |       |       |       |       |    15 |       ||    15
         Shatter           |       |       |       |       |       |     2 |     4 ||     6
  Evoke: Wand              |       |       |       |       |    12 |    16 |     1 ||    29
    Use: Scroll            |       |       |       |    16 |     5 |     8 |     4 ||    33
         Potion            |       |       |       |       |       |     1 |       ||     1
   Stab: Confused          |     2 |       |     4 |    15 |     3 |       |       ||    24
         Sleeping          |       |       |     1 |       |       |       |       ||     1
 Armour: Robe              |    11 |    10 |    21 |   125 |   208 |    44 |       ||   419
         Swamp dragon scal |       |       |       |       |       |   166 |    91 ||   257
  Dodge: Dodged            |    16 |    11 |    22 |   128 |   114 |    74 |    16 ||   381
  Block: Buckler           |       |       |       |       |       |    27 |    10 ||    37

Table legend: (Time is in decaauts)
 A = Elapsed time spent in this place.
 B = Non-inter-level travel time spent in this place.
 C = Inter-level travel time spent in this place.
 D = Time resting spent in this place.
 E = Time spent auto-exploring this place.
 F = Levels seen in this place.
 G = Mean time per level.
                   A        B        C        D        E       F      G
               +--------+--------+--------+--------+--------+-----+--------+
         Total |  58823 |  55608 |   3215 |  10261 |  37382 |  38 | 1548.0 |
       Dungeon |  24018 |  22127 |   1891 |   3218 |  15608 |  15 | 1601.2 |
        Temple |    152 |    129 |     23 |      0 |      0 |   1 |  152.0 |
          Lair |   7214 |   6704 |    510 |    666 |   5325 |   5 | 1442.8 |
         Swamp |   5582 |   5420 |    162 |    693 |   4098 |   4 | 1395.5 |
     Snake Pit |   9927 |   9538 |    389 |   3195 |   5282 |   4 | 2481.8 |
  Orcish Mines |   3240 |   3062 |    178 |   1066 |   1683 |   2 | 1620.0 |
   Elven Halls |   6146 |   6086 |     60 |   1146 |   3990 |   3 | 2048.7 |
         Trove |    111 |    111 |      0 |      0 |      0 |   1 |  111.0 |
       Ossuary |    591 |    591 |      0 |      0 |    486 |   1 |  591.0 |
       Volcano |    845 |    845 |      0 |    181 |    469 |   1 |  845.0 |
      Gauntlet |    992 |    992 |      0 |     96 |    439 |   1 |  992.0 |
               +--------+--------+--------+--------+--------+-----+--------+

Top non-repeatable levels by time:
    D:13: 3852 daAuts
 Snake:3: 3532 daAuts
     D:9: 2591 daAuts
 Snake:1: 2560 daAuts
   Elf:3: 2419 daAuts
 Swamp:4: 2416 daAuts
 Snake:4: 2330 daAuts
    D:15: 2166 daAuts
   Elf:2: 1988 daAuts
   Elf:1: 1738 daAuts
     D:8: 1719 daAuts
  Lair:5: 1707 daAuts
    D:14: 1680 daAuts
   Orc:1: 1636 daAuts
   Orc:2: 1604 daAuts
